 Dungeon Crawl Stone Soup version 0.28-a0-1415-g7c84da036a (webtiles) character file.

Game seed: 10137504859183505354

957 porpoise the Insei (level 7, -7/59 HPs)
             Began as a Demonspawn Transmuter on Jan 8, 2022.
             Was a Follower of Nemelex Xobeh.
             Mangled by a gnoll sergeant (14 damage)
             ... on level 6 of the Dungeon.
             The game lasted 00:21:11 (7025 turns).

porpoise the Insei (Demonspawn Transmuter)          Turns: 7025, Time: 00:21:12

Health: -7/59      AC:  5    Str: 13    XL:     7   Next: 91%
Magic:  7/10       EV: 12    Int: 14    God:    Nemelex Xobeh [*.....]
Gold:   84         SH:  0    Dex: 16    Spells: 7/10 levels left

rFire   . . .      SeeInvis .     - Unarmed
rCold   . . .      Faith    .   (no shield)
rNeg    + . .      Spirit   .   x - +2 robe of Icualeh {rN+ Dex+3}
rPois   .          Reflect  .   (helmet currently unavailable)
rElec   .          Harm     .   (no cloak)
rCorr   .          Rampage  .   A - +0 pair of gloves
Will    .....                   (boots currently unavailable)
Stlth   +.........              (no amulet)
HPRegen 0.19/turn               (no ring)
MPRegen 0.12/turn               (no ring)

@: appendages, very slightly contaminated
A: horns 2, talons 2, powered by death 1, weakness stinger 1, demonic touch 2
a: End Transformation, Renounce Religion, Draw Escape, Draw Destruction, Draw
Summoning


You were on level 6 of the Dungeon.
You worshipped Nemelex Xobeh.
Nemelex Xobeh was aware of your devotion.
You had temporarily grown beastly horns and talons.
You visited 2 branches of the dungeon, and saw 7 of its levels.

You collected 378 gold pieces.
You spent 294 gold pieces at shops.

Inventory:

Hand Weapons
 b - a +0 hand crossbow
 C - a +0 hunting sling
Missiles
 a - 72 arrows
 i - 3 javelins
 m - 78 bolts
 n - 202 stones
 o - 33 sling bullets
 v - 23 poisoned darts
 z - 5 boomerangs
Armour
 k - a +1 helmet (melded)
 x - the +2 robe of Icualeh (worn) {rN+ Dex+3}
   (You found it on level 2 of the Dungeon)

   Dex:       It affects your dexterity (+3).
   rN:        It protects you from negative energy.
 A - a +0 pair of gloves (worn)
 B - the +0 helmet of the Vacuum {Rampage}
   (You bought it in a shop on level 6 of the Dungeon)

   Rampage:   It bestows one free step when moving towards enemies.
 D - a +3 leather armour
Magical Staves
 w - a staff of death
Jewellery
 c - an amulet of faith
Wands
 q - a wand of charming (2)
 r - a wand of flame (18)
 y - a wand of digging (4)
Scrolls
 e - a scroll of teleportation
Potions
 d - a potion of flight {unknown}
 f - 2 potions of curing
 g - a potion of cancellation
 h - 2 potions of mutation
 j - 5 potions of attraction
 l - a potion of magic
 p - a potion of resistance {unknown}
 s - a potion of haste
 u - a potion of invisibility {unknown}


   Skills:
 + Level 6.4 Fighting
 - Level 1.7 Dodging
 + Level 6.4 Unarmed Combat
 - Level 2.0 Spellcasting
 - Level 1.7 Transmutations


You had 7 spell levels left.
You knew the following spells:

 Your Spells              Type           Power      Damage    Failure   Level
a - Beastly Appendage     Tmut           12%        N/A       12%         1
w - Wereblood             Tmut           6%         N/A       17%         2

Your spell library contained the following spells:

 Spells                   Type           Power      Damage    Failure   Level
 Spider Form              Tmut/Pois      3%         N/A       45%         3
 Dazzling Flash           Conj/Hex       2%         N/A       56%         3
 Ice Form                 Ice/Tmut       3%         N/A       86%         4
 Iskenderun's Mystic Bla  Conj/Tloc      1%         2d3       93%         4
 Starburst                Conj/Fire      0%         6d3       100%        6


Dungeon Overview and Level Annotations

Branches:
Dungeon (6/15)             Temple (1/1) D:5

Altars:
Ashenzari
Cheibriados
Dithmenos
Elyvilon
Fedhas
Gozag
Hepliaklqana
Kikubaaqudgha
Makhleb
Nemelex Xobeh
Okawaru
Qazlal
Ru
Sif Muna
Trog
Uskayaw
Vehumet
Wu Jian
Xom
Yredelemnul
Zin
The Shining One

Shops:
D:6 [


Innate Abilities, Weirdness & Mutations

You have temporarily grown beastly horns and talons.
You regenerate a little health from kills.
You have a small tail.
Your touch may inflict irresistible damage on your foes.


Message History

The gnoll sergeant is almost dead.
The gnoll sergeant barely misses you.
You closely miss the gnoll sergeant.
The gnoll sergeant is almost dead.
The gnoll sergeant barely misses you.
You hit the gnoll sergeant.
Your tail-slap misses the gnoll sergeant.
Your punch misses the gnoll sergeant.
The gnoll sergeant is almost dead.
The gnoll sergeant hits you with a +0 spear!
You hit the gnoll sergeant but do no damage.
The gnoll sergeant is almost dead.
The gnoll sergeant hits you with a +0 spear!
Casting: Beastly Appendage (safe; 12% risk of failure)
Confirm with . or Enter, or press ? or * to list all spells.
You miscast Beastly Appendage.
You are very lightly contaminated with residual magic.
Nothing appears to happen.
The gnoll sergeant hits you with a +0 spear.
* * * LOW HITPOINT WARNING * * *
Casting: Beastly Appendage (safe; 12% risk of failure)
Confirm with . or Enter, or press ? or * to list all spells.
You grow a pair of large bovine horns.
Your feet morph into talons.
Your +1 helmet melds into your body.
The gnoll sergeant hits you with a +0 spear!
* * * LOW HITPOINT WARNING * * *
You feel better.
The gnoll sergeant hits you with a +0 spear.
* * * LOW HITPOINT WARNING * * *
Casting: Beastly Appendage (safe; 12% risk of failure)
Confirm with . or Enter, or press ? or * to list all spells.
You miscast Beastly Appendage.
Nothing appears to happen.
The gnoll sergeant hits you with a +0 spear.
* * * LOW HITPOINT WARNING * * *
You closely miss the gnoll sergeant. Your kick misses the gnoll sergeant.
The gnoll sergeant is almost dead.
A gnoll comes into view. It is wielding a +0 club.
The gnoll sergeant hits you with a +0 spear!
You die...
Your body disappears without a glow.

#...#.(....(#
##.#...#.......#
#..............#
#..#.....(.g...#
#..............#
#.# #..
#..).....# #.#
#.. #..g.....#
#.#
#..####........#
#.#
#...@gg.####.####
#.#
##.######.......#
#.# #.
#.##.##.###.#
##########.
#.##........#
#......^##.
#.#..##.##.##
#.#####.##|
###.#..##.##...
##.#####.##.
...#......##..#
..........##
#.......##..#
##.#####..####
##...#####..#


You could see a gnoll sergeant and 2 gnolls.

Vanquished Creatures
  A black bear (D:6)
  A sky beast (D:5)
  An ogre (D:6)
  A bullfrog (D:6)
  A scorpion (D:5)
  A howler monkey (D:6)
  A centaur zombie (D:5)
  An orc priest (D:3)
  2 jellies (D:6)
  A bullfrog skeleton (D:5)
  2 iguanas
  Jessica (D:3)
  3 orc wizards
  A hound zombie (D:5)
  A gnoll (D:6)
  4 adders
  3 howler monkey skeletons
  2 white imps
  An ufetubus (D:6)
  An adder zombie (D:3)
  A worm (D:3)
  A dart slug (D:3)
  14 orcs
  8 ball pythons
  3 bats
  7 endoplasms
  A giant cockroach (D:1)
  8 goblins
  5 hobgoblins
  16 jackals
  5 quokkas
  7 frilled lizards
  4 kobolds
  A rat (D:1)
111 creatures vanquished.

Notes
Turn   | Place    | Note
-------+----------+-------------------------------------------
     0 | D:1      | porpoise the Demonspawn Transmuter began the quest for the
                  | Orb.
     0 | D:1      | Reached XP level 1. HP: 15/15 MP: 3/3
   300 | D:1      | Found a faded altar of an unknown god.
   300 | D:1      | Noticed a chaos spawn
   357 | D:1      | Discovered your monstrous ancestry.
   357 | D:1      | Gained mutation: Your touch may inflict minor irresistible
                  | damage on your foes. [demonic ancestry]
   357 | D:1      | Reached XP level 2. HP: 21/21 MP: 3/5
   815 | D:1      | Learned a level 2 spell: Wereblood
  1164 | D:1      | Gained mutation: You have a small tail. [demonic ancestry]
  1164 | D:1      | Reached XP level 3. HP: 21/27 MP: 4/6
  1610 | D:2      | You fall into a shaft and drop 2 floors!
  2435 | D:3      | Noticed Jessica
  2439 | D:3      | Killed Jessica
  2440 | D:3      | Reached XP level 4. HP: 35/35 MP: 5/7
  3019 | D:2      | Identified the +2 robe of Icualeh {rN+ Dex+3}
  3329 | D:3      | Gained mutation: Your touch may inflict irresistible damage
                  | on your foes. [demonic ancestry]
  3329 | D:3      | Reached XP level 5. HP: 15/41 MP: 6/8
  4115 | D:3      | Found a basalt altar of Yredelemnul.
  4692 | D:5      | Entered Level 5 of the Dungeon
  5052 | D:5      | Noticed a sky beast
  5067 | D:5      | Killed a sky beast
  5068 | D:5      | Reached XP level 6. HP: 39/49 MP: 9/9
  5111 | D:5      | Reached skill level 5 in Unarmed Combat
  5287 | D:5      | Reached skill level 5 in Fighting
  5539 | D:5      | Found a staircase to the Ecumenical Temple.
  5550 | D:5      | Gained mutation: You regenerate a little health from kills.
                  | [demonic ancestry]
  5550 | D:5      | Reached XP level 7. HP: 22/56 MP: 7/10
  5798 | Temple   | Entered the Ecumenical Temple
  6021 | Temple   | Became a worshipper of Nemelex Xobeh the Trickster
  6248 | D:6      | Found Idaerro's Antique Armour Shop.
  6262 | D:6      | Bought a distressingly furry helmet for 294 gold pieces
  6262 | D:6      | Identified the +0 helmet of the Vacuum {Rampage} (You
                  | bought it in a shop on level 6 of the Dungeon)
  6557 | D:6      | Reached * piety under Nemelex Xobeh
  7025 | D:6      | Mangled by a gnoll sergeant

Illustrated notes

Levels and vault maps discovered:
D:1:      dpeg_arrival_court, layout_basic,
          dreamdust_ecumenical_altar_sealed_demon, grunt_decor_arrowhead,
          minmay_misc_feat_roman, minmay_octomino_c4
D:2:      layout_basic, small_statue_intersection, serial_bayou_lake_a
D:3:      layout_rooms, marbit_many_paths, minmay_strange_pillars, minivault_24,
          due_unseen_surprise, uniq_jessica
D:4:      layout_basic
D:5:      layout_basic, minmay_temple_entry_fiery, saegor_snake_ambush
D:6:      layout_loops_cross, serial_shops, nicolae_stop_n_shop_1,
          uniq_blork_the_orc
Temple:   mainiacjoe_temple_archimedes_tessellation

Skill      XL: |  1  2  3  4  5  6  7 |
---------------+----------------------+-----
Unarmed Combat | 3 4 5 6 |  6.4
Fighting       | 2 3 4 5 6 |  6.4
Dodging        | |  1.7
Spellcasting   | |  2.0
Transmutations | |  1.7

Action                   |  1- 3 |  4- 6 |  7- 9 || total
-------------------------+-------+-------+-------++-------
Melee: Unarmed           |    89 |    90 |    42 ||   221
       Kick              |    14 |    24 |    11 ||    49
       Headbutt          |    12 |    17 |     3 ||    32
       Touch             |     9 |    16 |     8 ||    33
       Tailslap          |     3 |    15 |     7 ||    25
       Punch             |     1 |     2 |     2 ||     5
 Fire: Hand crossbow     |     5 |    40 |    35 ||    80
 Cast: Beastly Appendage |    30 |    23 |    11 ||    64
Evoke: Wand              |       |     1 |       ||     1
  Use: Scroll            |       |    13 |       ||    13
       Potion            |       |       |     2 ||     2
Armor: Robe              |    11 |    20 |    12 ||    43
Dodge: Dodged            |    56 |    45 |    22 ||   123

Table legend: (Time is in decaauts)
 A = Elapsed time spent in this place.
 B = Non-inter-level travel time spent in this place.
 C = Inter-level travel time spent in this place.
 D = Time resting spent in this place.
 E = Time spent auto-exploring this place.
 F = Levels seen in this place.
 G = Mean time per level.
                   A        B        C        D        E       F      G
               +--------+--------+--------+--------+--------+-----+--------+
         Total |   7080 |   6865 |    215 |   2206 |   3396 |   7 | 1011.4 |
       Dungeon |   6826 |   6659 |    167 |   2206 |   3211 |   6 | 1137.7 |
        Temple |    253 |    205 |     48 |      0 |    185 |   1 |  253.0 |
               +--------+--------+--------+--------+--------+-----+--------+

Top non-repeatable levels by time:
     D:1: 1527 daAuts
     D:3: 1430 daAuts
     D:5: 1323 daAuts
     D:4: 1054 daAuts
     D:6: 776 daAuts
     D:2: 713 daAuts
  Temple: 253 daAuts
